 Dungeon Crawl Stone Soup version 0.20.1-1-g8b1a95d (webtiles) character file.

324 t3hbunneh the Cudgeler (level 6, -6/48 HPs)
             Began as a Demonspawn Fighter on Oct 27, 2017.
             Mangled by an ogre
             ... wielding a +0 giant spiked club
              (16 damage)
             ... on level 4 of the Dungeon.
             The game lasted 00:08:36 (3384 turns).

t3hbunneh the Cudgeler (Demonspawn Fighter)         Turns: 3384, Time: 00:08:37

Health: -6/48      AC:  6    Str: 24    XL:     6   Next: 23%
Magic:  5/5        EV:  7    Int: 11    God:
Gold:   106        SH:  9    Dex: 12    Spells: 5/5 levels left

rFire    + . .     SeeInvis .   a - +0 flail
rCold    . . .     Gourm    .   c - +0 shield
rNeg     . . .     Faith    .   i - +0 scale mail
rPois    .         Spirit   .   (no helmet)
rElec    +         Reflect  .   (no cloak)
rCorr    .         Harm     .   (no gloves)
MR       .....                  (no boots)
Stlth    ..........             (no amulet)
Regen    0.2/turn               (no ring)
MPRegen  0.1/turn               (no ring)

@: mighty
A: clever 1, deterioration 1, fire resistance 1, low mp 1, powered by death 1,
electricity resistance
a: no special abilities


You were on level 4 of the Dungeon.
You were very hungry.

You visited 1 branch of the dungeon, and saw 5 of its levels.

You collected 106 gold pieces.

Inventory:

Hand Weapons
 a - a +0 flail (weapon)
Armour
 b - a +0 scale mail
 c - a +0 shield (worn)
 i - a +0 scale mail (worn)
 l - a +0 chain mail
Jewellery
 m - an uncursed ring of poison resistance {unknown}
 u - the ring "Vuogg" {Ice rPois rN+ Int+7, unknown}
   (You found it on level 4 of the Dungeon)

   [ring of ice]

   It enhances your ice magic.
   It affects your intelligence (+7).
   It makes you vulnerable to fire.
   It protects you from cold.
   It protects you from poison.
   It protects you from negative energy.
Wands
 g - a wand of confusion (26/48)
Scrolls
 e - a scroll of random uselessness {unknown}
 p - 2 scrolls of identify {unknown}
 q - 2 scrolls of immolation {unknown}
 r - a scroll of remove curse {unknown}
 t - a scroll of recharging {unknown}
 v - a scroll of enchant armour {unknown}
Potions
 k - a potion of agility {unknown}
Books
 o - a book of Maledictions

   Spells                             Type                      Level
   a - Corona                         Hexes                        1
   b - Ensorcelled Hibernation        Hexes/Ice                    2
   c - Confuse                        Hexes                        3
   d - Tukima's Dance                 Hexes                        3
   e - Dazzling Spray                 Conjuration/Hexes            3
Comestibles
 f - 2 bread rations
 h - 11 fruits
 n - a meat ration


   Skills:
 + Level 4.0 Fighting
 + Level 5.3 Maces & Flails
 - Level 2.8 Armour
 + Level 0.4 Stealth
 - Level 2.8 Shields


You had 5 spell levels left.
You didn't know any spells.

Dungeon Overview and Level Annotations

Branches:
Dungeon (5/15)
 Temple: D:4-7

Altars:
Hepliaklqana
The Shining One


Innate Abilities, Weirdness & Mutations

Your flesh is heat resistant. (rF+)
You regenerate a little health from kills.
Your mind is acute. (Int +2)
Your body sometimes deteriorates upon taking damage.
Your magical capacity is low. (-10% MP)
You are resistant to electric shocks. (rElec)


Message History

You are feeling very hungry.
You start resting.
An ogre comes into view. It is wielding a giant spiked club.
The ogre shouts!
You hit the ogre.
The ogre is lightly wounded.
The ogre hits you with a giant spiked club!
You hit the ogre but do no damage.
The ogre is lightly wounded.
The ogre hits you with a giant spiked club!
You feel very mighty all of a sudden.
The ogre hits you with a giant spiked club!
* * * LOW HITPOINT WARNING * * *
You hit the ogre.
The ogre is moderately wounded.
The ogre barely misses you.
You sock the ogre!
The ogre is heavily wounded.
The ogre hits you with a giant spiked club!
You die...

#####.##....##.####....
#........##.#..........
#.####....#.....####..#
#...####......###
##....####..###
##.....#####
##.....#####
##....####..###
#...####.@O...#
#.####....##....#
#........## .....
########## .... ###


You could see an ogre.

Vanquished Creatures
  A howler monkey (D:4)
  A crimson imp (D:3)
  A hound (D:4)
  2 orc wizards (D:3)
  2 worker ants (D:4)
  3 gnolls (D:3)
  3 adders (D:2)
  5 worms
  A dart slug (D:1)
  4 orcs (D:3)
  8 bats
  A giant cockroach (D:2)
  3 goblins
  5 hobgoblins
  5 jackals (D:1)
  A quokka (D:2)
  A ball python (D:2)
  A frilled lizard (D:2)
  3 kobolds
  2 rats (D:2)
53 creatures vanquished.

Vanquished Creatures (others)
  A dart slug (D:1)
  A jackal (D:1)
2 creatures vanquished.

Grand Total: 55 creatures vanquished

Notes
Turn   | Place    | Note
-------+----------+-------------------------------------------
     0 | D:1      | t3hbunneh the Demonspawn Fighter began the quest for the Orb.
     0 | D:1      | Reached XP level 1. HP: 18/18 MP: 1/1
     6 | D:1      | Noticed a komodo dragon
     6 | D:1      | Noticed a queen ant
     7 | D:1      | Noticed a centaur warrior
   186 | D:1      | Reached skill level 2 in Maces & Flails
   189 | D:1      | Gained mutation: Your flesh is heat resistant. (rF+) [demonic ancestry]
   189 | D:1      | Reached XP level 2. HP: 19/24 MP: 2/2
   918 | D:2      | Reached XP level 3. HP: 29/29 MP: 3/3
   997 | D:2      | Reached skill level 3 in Maces & Flails
  1000 | D:2      | Gained mutation: Your magical capacity is low. (-10% MP) [potion of mutation]
  1000 | D:2      | Gained mutation: Your body sometimes deteriorates upon taking damage. [potion of mutation]
  1000 | D:2      | Gained mutation: You are resistant to electric shocks. (rElec) [potion of mutation]
  1000 | D:2      | Gained mutation: Your mind is acute. (Int +2) [potion of mutation]
  1599 | D:2      | Reached XP level 4. HP: 35/35 MP: 3/3
  1966 | D:3      | Found a glowing golden altar of the Shining One.
  2095 | D:3      | Reached skill level 4 in Maces & Flails
  2095 | D:3      | Reached XP level 5. HP: 37/42 MP: 4/4
  2930 | D:4      | Got a scorched bone ring
  2936 | D:5      | Entered Level 5 of the Dungeon
  3003 | D:4      | Reached skill level 5 in Maces & Flails
  3017 | D:4      | Found a hazy altar of Hepliaklqana.
  3092 | D:4      | Gained mutation: You regenerate a little health from kills. [demonic ancestry]
  3092 | D:4      | Reached XP level 6. HP: 40/48 MP: 5/5
  3384 | D:4      | Mangled by an ogre

Skill      XL: |  1  2  3  4  5 |
---------------+----------------+-----
Maces & Flails | 2 3 4 5 |  5.3
Fighting       | 4 |  4.0
Armour         | |  2.8
Stealth        | |  0.4
Shields        | |  2.8

Action                   |  1- 3 |  4- 6 || total
-------------------------+-------+-------++-------
Melee: Flail             |   121 |    86 ||   207
  Use: Potion            |     2 |     2 ||     4
  Eat: Chunk             |     2 |     5 ||     7
Armor: Scale mail        |    59 |    14 ||    73
Dodge: Dodged            |    33 |    26 ||    59
Block: Shield            |    55 |    29 ||    84
